[Event "Early-Titled-Tuesday-Blitz-February-06-2024"]
[Site "Chess.com"]
[Date "2024.02.06"]
[Round "4"]
[White "anasta10"]
[Black "The_Straightforward_Rook"]
[Result "1-0"]
[WhiteElo "2543"]
[BlackElo "2386"]
[TimeControl "180+1"]
[EndTime "8:40:40 PST"]
[Termination "anasta10 won by resignation"]

1. Nf3 d5 2. c4 c6 3. g3 Nf6 4. b3 Bg4 5. Bg2 e6 6. O-O Nbd7 7. Bb2 Be7 8. d3 O-O 9. Nbd2 a5 10. a3 Bh5 11. Qc2 h6 12. Rac1 Bg6 13. Qb1 dxc4 14. Nxc4 a4 15. b4 Nb6 16. Nfe5 Bh7 17.
Qa1 Nxc4 18. Nxc4 Rc8 19. Bd4 Ra8 20. Rfd1 Ne8 21. Na5 Rxa5 22. bxa5 Qxa5 23. Bc3 Qa6 24. Bb4 Bxb4 25. axb4 Nc7 26. Rc5 Nb5 27. e3 a3 28.
d4 a2 29. Bf1 Qa4 30. Rc4 Bc2 31. Rc1 Bb3 32. Rc5 Qxb4 33. Qb2 Qa4 34. Ra1 Bd5 35. Bd3 f5 36. Bc2 Qa5 37. Bb3 Ra8 38. Rc2 Qa3 39.
Bxd5 exd5 40. Qxa3 Rxa3 41. Raxa2 Rb3 42. Rcb2 Rc3 43. Kg2 Kh7 44. Ra8 Nd6 45. Rd8 Ne4 46. f3 Nf6 47. Kf2 b5 48. Rc8 Kg6 49. Ke2 Rc4 50.
Kd3 Nd7 51. Ra2 Nb6 52. Rc7 Na4 53. Rc2 Nb6 54. Rxc4 dxc4+ 55. Kc2 Nd5 56. Rxc6+ Kf7 57. Kd2 c3+ 58. Rxc3 b4 59. Rc5 1-0

[Event "Early-Titled-Tuesday-Blitz-February-06-2024"]
[Site "Chess.com"]
[Date "2024.02.06"]
[Round "4"]
[White "PepeCuenca"]
[Black "SHIVACalypso"]
[Result "1/2-1/2"]
[WhiteElo "2707"]
[BlackElo "2516"]
[TimeControl "180+1"]
[EndTime "8:40:43 PST"]
[Termination "Game drawn - insufficient material"]

1. d4 Nf6 2. c4 e6 3. Nf3 b6 4.
g3 Bb7 5. Bg2 Be7 6. O-O O-O 7.
Nc3 Ne4 8. Bd2 d6 9. Re1 Nd7 10. Qc2 Nxc3 11. Bxc3 Bf6 12. e4 e5 13. d5 a5 14. b3 Be7 15. a3 g6 16. Nd2 f5 17. exf5 gxf5 18. Bh3 e4 19. f3 Ne5 20.
fxe4 Bg5 21. Bxe5 dxe5 22. Bxf5 Qd6 23. Nf3 Bh6 24. Qc3 Rae8 25. b4 axb4 26. axb4 Rxf5 27. exf5 e4 28. Nd4 Qe5 29. Rf1 Bg7 30. Rad1 e3 31.
Rfe1 b5 32. Rd3 bxc4 33. Qxc4 Bxd5 34. Nc6 Bxc4 35. Nxe5 Bxe5 36. Rexe3 Bxd3 37. Rxd3 Rb8 38. Rd5 Bd6 39. b5 Kf7 40. Kg2 Kf6 41. Kf3 Re8 42. g4 Re5 43. Rxe5 Kxe5 44. h3 Be7 45. Ke3 Bg5+ 46. Kf3 Kd5 47. Kg3 Kc5 48. h4 Be7 49. g5 Kxb5 50. Kg4 Kc5 51. Kh5 Bf8 52. g6 hxg6+ 53. Kxg6 Kd6 54. h5 c5 55. h6 Bxh6 56.
Kxh6 Ke5 57. Kg6 c4 58. f6 c3 59. f7 c2 60. f8=Q c1=Q 61. Qf6+ Ke4 62. Qf5+ Kd4 63. Qd7+ Ke3 64. Qe7+ Kd2 65. Qg5+ Kd1 66. Qd5+ Qd2 67. Qf3+ Qe2 68. Qxe2+ Kxe2 1/2-1/2

[Event "Early-Titled-Tuesday-Blitz-February-06-2024"]
[Site "Chess.com"]
[Date "2024.02.06"]
[Round "4"]
[White "Ural_bogatyr"]
[Black "Meri-Arabidze"]
[Result "1-0"]
[WhiteElo "2550"]
[BlackElo "2731"]
[TimeControl "180+1"]
[EndTime "8:40:44 PST"]
[Termination "Ural_bogatyr won on time"]

1. d4 Nf6 2. Nc3 d5 3. Bf4 a6 4.
e3 e6 5. g4 b5 6. g5 Nfd7 7.
Nf3 Bb7 8. h4 Nb6 9. Bh3 b4 10.
Ne2 Bd6 11. Kf1 Nc6 12. Kg2 Ne7 13. h5 Nf5 14. Bxf5 exf5 15. g6 fxg6 16. hxg6 h6 17. Ng5 Bxf4 18. exf4 Qf6 19. Ng3 Qxg6 20. Qe2+ Kd7 21. Nf3 Kc8 22. Ne5 Qe6 23. Qh5 Rf8 24. Rae1 Qf6 25. Ng6 Rd8 26. Re5 Nc4 27. Qxf5+ Qxf5 28. Rxf5 Nd6 29. Re5 Bc6 30. Re7 Rd7 31. Rhe1 Kb7 32.
Rxd7 Bxd7 33. Re7 Bf5 34. Rxg7 Bxc2 35. Ne7 Be4+ 36. f3 Bb1 37. Nxd5 Rc8 38. Nxb4 a5 39. Nd5 Bxa2 40. Nc3 Bc4 41. Nce4 Kc6 42. Rg6 Rb8 43.
Rxh6 Rxb2+ 44. Kh3 a4 45. Nf5 a3 46. Nfxd6 cxd6 47. Nxd6 Bf1+ 48. Kg4 Kd5 49. Ne4 Rg2+ 50. Kf5 a2 51. Rd6+ Kc4 52. Ra6 Kb3 53. Ra7 Bd3 54. d5 Rg1 55. d6 Bb5 56. Ke6 a1=Q 57. Rxa1 Rxa1 58. f5 Rd1 59. f6 Bc4+ 60. Ke7 Rd3 61. d7 1-0

[Event "Early-Titled-Tuesday-Blitz-February-06-2024"]
[Site "Chess.com"]
[Date "2024.02.06"]
[Round "4"]
[White "WindWhistler11"]
[Black "simonachess"]
[Result "1-0"]
[WhiteElo "2508"]
[BlackElo "2336"]
[TimeControl "180+1"]
[EndTime "8:40:48 PST"]
[Termination "WindWhistler11 won on time"]

1. Nf3 Nf6 2. g3 b6 3. b3 Bb7 4. Bb2 e6 5. Bg2 Be7 6. O-O O-O 7. d4 c5 8. Nbd2 d6 9. Re1 Nbd7 10. e4 cxd4 11. Nxd4 a6 12. a4 Rc8 13. Nc4 Qc7 14.
Qe2 d5 15. exd5 Bxd5 16. Ne3 Bxg2 17. Kxg2 Rfd8 18. Qxa6 Nc5 19. Qe2 Nce4 20. Nb5 Qb7 21. Qf3 Rd2 22. Rf1 Bc5 23. Rae1 Bxe3 24. Rxe3 Rcxc2 25. Bxf6 Rxf2+ 26. Rxf2 Rxf2+ 27. Qxf2 Nxf2+ 28. Kxf2 gxf6 29. Rd3 Qh1 30. h4 Qh2+ 31. Kf3 h5 32. Nd6 Qc2 33. Ke3 Qc5+ 34. Ke2 Qe5+ 35. Kd2 f5 36.
Nc4 Qc5 37. Kc3 b5 38. axb5 Qxb5 39. Rd8+ Kg7 40. Rd3 e5 41. Nd6 Qc5+ 42. Kb2 Qf2+ 43. Ka3 e4 44. Rc3 e3 45. Rxe3 Kg6 46. Rc3 Qa7+ 47.
Kb2 Qf2+ 48. Ka3 Qa7+ 49. Kb4 Qd4+ 50. Nc4 f6 51. Rf3 Qe4 52. Re3 Qb7+ 53. Kc3 Qc6 54. Rd3 Qe4 55. b4 f4 56. gxf4 Qxf4 57. b5 Qxh4 58.
b6 Qe1+ 59. Kc2 Qe7 60. Rb3 Qc5 61. Kc3 Qc8 62. b7 Qb8 63. Na5 h4 64. Kb4 h3 65.
Rxh3 Qf4+ 66. Kb3 Qb8 67. Rc3 f5 68. Rc8 Qg3+ 69. Ka4 1-0

[Event "Early-Titled-Tuesday-Blitz-February-06-2024"]
[Site "Chess.com"]
[Date "2024.02.06"]
[Round "4"]
[White "ChristopherYoo"]
[Black "youngKID"]
[Result "0-1"]
[WhiteElo "2959"]
[BlackElo "2805"]
[TimeControl "180+1"]
[EndTime "8:40:49 PST"]
[Termination "youngKID won on time"]

1. d4 Nf6 2. Nf3 e6 3. c4 Nc6 4.
Nc3 Bb4 5. Bd2 Qe7 6. Qc2 d6 7. e4 O-O 8. a3 Bxc3 9. Bxc3 e5 10. d5 Nd4 11. Nxd4 exd4 12. Bxd4 Qxe4+ 13. Qxe4 Nxe4 14. Bd3 Nc5 15. Bc2 Re8+ 16. Kd2 Ne4+ 17. Kc1 Nf6 18. f3 h5 19. h4 Re2 20. Rg1 c5 21.
dxc6 bxc6 22. Bd3 Re6 23. b4 c5 24. bxc5 dxc5 25. Bxc5 Ba6 26. Kd2 Rc6 27. Bd4 Bxc4 28.
Rgc1 Rd8 29. Rxc4 Rxc4 30. Bxc4 Rxd4+ 31. Kc3 Rxh4 32. Rb1 Rh2 33. Rb7 Rxg2 34. Bxf7+ Kh7 35. Rxa7 h4 36. Be6 Rg3 37. Kd4 h3 38. Bf5+ Kh6 39.
Bxh3 Rxh3 40. Ke3 Rh2 41. a4 Ra2 42. Kf4 Kg6 43. a5 Ra4+ 44. Kg3 Nh5+ 45. Kf2 Nf4 46. Ke3 Ne6 47. Ra6 Kf5 48. Ra8 Ra3+ 49. Kf2 g5 50. a6 Nf4 51. a7 Ra2+ 52. Ke3 Ne6 53. Kd3 Kf6 54. Kc4 Kf7 55. Kd3 Nc7 56. Rh8 Rxa7 57. Ke4 Ra4+ 58. Kf5 Ra5+ 59. Kg4 Ne6 60. Rh6 Ra4+ 61. Kf5 Rf4+ 62. Ke5 Rxf3 63. Rh5 Re3+ 64. Kf5 Ng7+ 0-1

[Event "Early-Titled-Tuesday-Blitz-February-06-2024"]
[Site "Chess.com"]
[Date "2024.02.06"]
[Round "4"]
[White "forevery0ung"]
[Black "ri4mi"]
[Result "0-1"]
[WhiteElo "2750"]
[BlackElo "2559"]
[TimeControl "180+1"]
[EndTime "8:40:52 PST"]
[Termination "ri4mi won by resignation"]

1. Nf3 Nf6 2. d4 d5 3. Bf4 c5 4. e3 Nc6 5. Nbd2 Qb6 6. dxc5 Qxb2 7. Rb1 Qa3 8. Bb5 Bd7 9. O-O e6 10. c4 Bxc5 11. Ne5 O-O 12. Nxd7 Nxd7 13. Nb3 Nb6 14. cxd5 Nxd5 15. Qc1 Qxc1 16. Rfxc1 Ba3 17. Rc4 Nxf4 18.
exf4 Rac8 19. g3 Nb4 20. Rd1 a6 21. Rxc8 Rxc8 22. Bf1 Nd5 23. f5 Rc2 24. fxe6 fxe6 25. Bh3 Kf7 26. Bxe6+ Kxe6 27. Nd4+ Ke5 28. Nxc2 Bc5 29.
Rd3 b5 30. Kf1 a5 31. Ke2 b4 32. a3 Nc3+ 33. Rxc3 bxc3 34. f3 Kd5 35. Kd3 Bg1 36.
h3 Bf2 37. g4 Ke5 38. Ke2 Bc5 39. Ne1 Kd4 40. f4 Kc4 41. f5 Bxa3 42. Nc2 Be7 43. Ke3 a4 44. Ke2 a3 45. Kd1 a2 46. Na1 Kd3 47. Nc2 Ba3 48. g5 Be7 49. h4 h6 50. f6 Bf8 51. gxh6 gxh6 52. f7 Kc4 53. Ke2 Kb3 54. Kd3 Kb2 55. h5 Bg7 56. Ne3 a1=Q 57.
Nc4+ Kb3 58. Ne3 Qb1+ 59. Ke2 Bf8 60. Ng4 c2 61. Ne5 c1=Q 62. Nd3 Qxd3+ 63. Kxd3 Qg5 64. Ke4 Qe7+ 65. Kf3 Qxf7+ 66. Kg4 Qf6 67. Kh3 Qg5 0-1

[Event "Early-Titled-Tuesday-Blitz-February-06-2024"]
[Site "Chess.com"]
[Date "2024.02.06"]
[Round "4"]
[White "Nf3c5"]
[Black "Vladimir_Zakhartsov"]
[Result "0-1"]
[WhiteElo "2567"]
[BlackElo "2828"]
[TimeControl "180+1"]
[EndTime "8:40:55 PST"]
[Termination "Vladimir_Zakhartsov won by resignation"]

1. d4 Nf6 2. Nf3 e6 3. e3 d5 4. Bd3 Bd6 5. b3 Nbd7 6. Bb2 b6 7. Nbd2 Bb7 8. Ne5 O-O 9. Qf3 c5 10. Qh3 h6 11. f4 cxd4 12. exd4 Ne4 13. Bxe4 dxe4 14.
Ndc4 Nf6 15. Ne3 Bb4+ 16. c3 Be7 17. O-O Nd5 18. c4 Nxe3 19. Qxe3 Qe8 20. Rad1 f6 21. Ng4 Qg6 22. h3 Kh7 23. Kh1 Rad8 24. Qf2 Bd6 25. Ne3 Bc7 26. d5 exd5 27. Nxd5 Bxd5 28. Rxd5 Rxd5 29. cxd5 f5 30. Rd1 Bd6 31. Be5 Re8 32.
Qd4 Rc8 33. b4 Rc2 34. Rg1 Rxa2 35. g4 Ra3 36. Kh2 Rd3 37. Qb2 e3 38. gxf5 Qxg1+ 39. Kxg1 Rd1+ 40. Kg2 Rd2+ 41. Kf3 Rxb2 42. Bxb2 Bxb4 43.
Kxe3 Kg8 44. Ke4 Kf7 45. Be5 Be7 46. Kd4 b5 47. d6 Bd8 48. Kd5 a5 49. Kc5 b4 50.
Kb5 h5 51. Ka4 g6 52. fxg6+ Kxg6 53. Kb3 Kf5 54. Ka4 Ke6 55. Kb3 Kd7 56. Ka4 Kc6 57. Kb3 Bb6 58. Ka4 Kd7 59. Kb3 Bc5 60. Ka4 Bxd6 61.
Bd4 Bc7 62. f5 Ke7 63. f6+ Kf7 64. Kb3 Bd8 65. Ka4 Ke6 66. Kb3 Bxf6 67. Bb6 Kf5 68.
Bxa5 Bc3 69. Bxb4 Bxb4 70. Kxb4 Kf4 71. Kc3 Kg3 72. Kd2 Kxh3 73. Ke1 Kg2 74. Ke2 h4 75.
Ke3 h3 76. Kf4 h2 0-1

[Event "Early-Titled-Tuesday-Blitz-February-06-2024"]
[Site "Chess.com"]
[Date "2024.02.06"]
[Round "4"]
[White "snowlord"]
[Black "KhungThep"]
[Result "1-0"]
[WhiteElo "2864"]
[BlackElo "2586"]
[TimeControl "180+1"]
[EndTime "8:40:56 PST"]
[Termination "snowlord won by resignation"]

1. c4 c5 2. Nf3 Nc6 3. Nc3 Nd4 4. Ng1 Nf6 5. e3 Nc6 6. g4 d5 7. g5 d4 8. gxf6 dxc3 9. fxg7 cxd2+ 10. Qxd2 Qxd2+ 11. Bxd2 Bxg7 12. O-O-O Bg4 13. Be2 Bxe2 14. Nxe2 O-O-O 15. f4 e6 16. Rhg1 Rhg8 17. a3 Bf6 18. Ng3 Rg6 19.
Ne4 Be7 20. Rxg6 hxg6 21. Bc3 Rxd1+ 22. Kxd1 Kd7 23. Ke2 f5 24. Nf2 Bd6 25. Nd3 a5 26.
b3 b6 27. Kf3 Ke7 28. h3 Kf7 29. Ba1 Ke7 30. Bb2 Kf7 31. Bc3 Ke7 32. e4 Kf7 33. Ke3 Ke7 34. Nb2 Kf7 35. Kf3 Bc7 36. Na4 Ke7 37.
Bh8 Kf7 38. Bc3 Ke7 39. Nb2 Kf7 40. Nd1 Ke7 41. Ne3 Kf7 42. Nf1 Ke7 43. Ng3 Kf7 44. h4 Bd8 45. h5 fxe4+ 46. Kxe4 gxh5 47. Nxh5 Be7 48. a4 Bd6 49. f5 exf5+ 50. Kxf5 Ne7+ 51. Ke4 Ke6 52. Ng7+ Kd7 53. Bf6 Nc6 54. Nf5 Nb4 55. Bg5 Bc7 56. Ne3 Kc6 57. Nd5 Bd6 58. Bd8 Nxd5 59. cxd5+ Kd7 60. Bxb6 Bc7 61. Bxc5 Bd8 62. Kd4 Kc8 63. Kc4 Kb7 64. Kb5 Kc8 65. Bd4 Bc7 66. Bc3 Kb7 67. Bxa5 Bd6 68. Bb4 Bb8 69. a5 Kc8 70. a6 Kd7 71. Bc5 Ba7 72. Bxa7 Kc7 73.
Kc4 Kc8 74. Bc5 1-0

[Event "Early-Titled-Tuesday-Blitz-February-06-2024"]
[Site "Chess.com"]
[Date "2024.02.06"]
[Round "4"]
[White "JeFumeDesClopes"]
[Black "Alexander_Donchenko"]
[Result "0-1"]
[WhiteElo "2604"]
[BlackElo "2923"]
[TimeControl "180+1"]
[EndTime "8:40:58 PST"]
[Termination "Alexander_Donchenko won by resignation"]

1. c4 g6 2. g3 c5 3. Bg2 Nc6 4.
Nc3 Bg7 5. Nf3 Nh6 6. O-O Nf5 7. d3 h5 8. h4 d6 9. Qd2 a6 10. b3 O-O 11. Bb2 Rb8 12. Ne4 e5 13. a3 b5 14. cxb5 axb5 15. e3 Nfe7 16. Nc3 d5 17. Rac1 Qd6 18. e4 d4 19. Nd5 Be6 20. Ng5 Nxd5 21.
Nxe6 fxe6 22. exd5 exd5 23. Qc2 e4 24. Qxc5 Qxc5 25. Rxc5 Ne5 26. Rxd5 Nxd3 27. Bxd4 Rbd8 28. Rxd8 Rxd8 29. Bxg7 Kxg7 30. Bxe4 Nc5 31. Bc6 Nxb3 32. Bxb5 Nd4 33. Bc4 Ra8 34. Rd1 Nf3+ 35. Kg2 Ne5 36. Bb5 Rxa3 37. Rd5 Kf6 38. Be2 Ra2 39. Kf1 Ra1+ 40. Rd1 Ra2 41. f4 Nf7 42. Rd7 Ra3 43. Kf2 Nh6 44. Rd6+ Kg7 45. Bd3 Ng4+ 46. Ke2 Nf6 47.
Ke3 Ra7 48. Kd4 Re7 49. Bc4 Ne4 50. Rd5 Nxg3 51. Bd3 Rf7 52. Ke3 Rf6 53. Kf3 Nf5 54. Bxf5 gxf5 55. Rd7+ Kg6 56. Ra7 Rb6 57. Ra3 Kf6 58.
Re3 Rb4 59. Rd3 Ke6 60. Re3+ Kf6 61. Rd3 Re4 62. Rc3 Rd4 63. Rb3 Ke6 64. Rb6+ Rd6 65. Rb3 Rc6 66. Rd3 Rc5 67. Ra3 Kd5 68. Rd3+ Ke6 69. Re3+ Kd6 70. Rd3+ Rd5 71. Ra3 Rd4 72. Ke3 Re4+ 73. Kf3 Rc4 74. Ra6+ Kd5 75. Ra5+ Rc5 76. Ra3 Kd4 77. Ra4+ Rc4 78. Ra5 Rc3+ 79. Kf2 Rc5 80. Ra4+ Rc4 81. Ra5 Ke4 82. Ra6 Kxf4 83. Rh6 Rc2+ 84.
Ke1 Kg4 85. Rg6+ Kxh4 86. Kf1 Rc4 87. Kg1 Rg4+ 0-1

[Event "Early-Titled-Tuesday-Blitz-February-06-2024"]
[Site "Chess.com"]
[Date "2024.02.06"]
[Round "4"]
[White "WhiteKnight2612"]
[Black "Yan_Dyomin2010"]
[Result "1-0"]
[WhiteElo "2864"]
[BlackElo "2590"]
[TimeControl "180+1"]
[EndTime "8:40:58 PST"]
[Termination "WhiteKnight2612 won by resignation"]

1. e4 c5 2. Nf3 Nc6 3. Bb5 e6 4. O-O Nge7 5. c4 a6 6. Ba4 Ng6 7. Nc3 Be7 8. d4 cxd4 9. Nxd4 O-O 10. Be3 Nxd4 11. Bxd4 d6 12. Bc2 Bd7 13. f4 Nxf4 14.
Rxf4 e5 15. Rf3 exd4 16. Qxd4 Be6 17. Nd5 Bxd5 18. Qxd5 Qb6+ 19. Rf2 Bf6 20. Kf1 Rac8 21. Rd1 Be5 22. b3 Rc5 23. Qd3 Qd8 24. Qh3 b5 25.
Bd3 g6 26. Rf3 Qa5 27. Rf2 Qc3 28. Rc2 Qd4 29. Qf3 Bxh2 30. Ke2 Qe5 31. Rh1 bxc4 32.
Bxc4 d5 33. Bd3 dxe4 34. Qxe4 Rxc2+ 35. Bxc2 Qh5+ 36. g4 Qh4 37. Bd3 Qg3 38. Rf1 Qd6 39. Bc4 Kg7 40. Rf2 Be5 41. Qb7 Bf6 42. Kf1 Qd1+ 43.
Kg2 Qxg4+ 44. Kf1 Qd1+ 45. Kg2 Qg4+ 46. Kf1 Qd4 47. Qxa6 h5 48. Qb7 h4 49. Qd5 Qa1+ 50. Kg2 Bd4 51. Rxf7+ Rxf7 52. Qxf7+ Kh6 53. Qf8+ Kg5 54.
Qd8+ Bf6 55. Qd5+ Kh6 56. Qd2+ g5 57. Qf2 Qe5 58. Qf3 Kg7 59. Qb7+ Kh6 60. Qf3 Qb2+ 61. Kh3 Be5 62. Qc6+ Bf6 63. Qf3 Qe5 64. a4 Be7 65. Bf7 Bd6 66. Qh5+ Kg7 67. Qg6+ Kf8 68. Qg8+ Ke7 69.
Qe8+ Kf6 70. Qxe5+ Bxe5 71. Bc4 Bc3 72. Kg4 Bb4 73. Bf1 Ba5 74. Kf3 Bb4 75. Ke4 Ba5 76. Bh3 Bb4 77. Kd5 Ba5 78. Kc5 Ke5 79. b4 Bc7 80. a5 Kf4 81. Kc6 Be5 82. a6 Bd4 83.
b5 g4 84. Bf1 h3 85. b6 Kf3 86. a7 Kf2 1-0

[Event "Early-Titled-Tuesday-Blitz-February-06-2024"]
[Site "Chess.com"]
[Date "2024.02.06"]
[Round "4"]
[White "Njal28"]
[Black "maciek_92"]
[Result "1-0"]
[WhiteElo "3077"]
[BlackElo "2797"]
[TimeControl "180+1"]
[EndTime "8:41:00 PST"]
[Termination "Njal28 won by resignation"]

1. d4 d5 2. Nf3 Nf6 3. c4 e6 4.
Nc3 Be7 5. e3 O-O 6. cxd5 exd5 7. Bd3 c6 8. O-O Bg4 9. Qb3 Qb6 10. Qc2 Bh5 11. Ne5 Bg6 12. Nxg6 hxg6 13. Rb1 a5 14. Bd2 Nbd7 15. Kh1 Rfc8 16. Qd1 c5 17. dxc5 Nxc5 18. Bc2 Rd8 19. Ne2 Nfe4 20. Be1 Ne6 21. f3 Nf6 22. Bf2 Bc5 23. Nd4 Nxd4 24. exd4 Bd6 25. Bb3 Re8 26. Rc1 Bf4 27. Rc3 Qd6 28. g3 Bh6 29. Ba4 Rec8 30.
Qb3 Rc7 31. Bb5 Rac8 32. Be1 Qe6 33. Qc2 Rxc3 34. Bxc3 Ne8 35. Qe2 Qxe2 36. Bxe2 b6 37. f4 g5 38. fxg5 Bxg5 39. Rf5 Bf6 40. Rxd5 g6 41.
Rb5 Rc6 42. Bf3 Rd6 43. Rd5 Kf8 44. Rxd6 Nxd6 45. Kg2 Ke7 46. Bg4 Nb5 47. Be2 Nxd4 48. Bd3 Ne6 49. Bxf6+ Kxf6 50. Kf3 Ke5 51. Ke3 Nd4 52.
h4 f5 53. Bc4 Nc6 54. Bf7 Kf6 55. Be8 Ne5 56. Kd4 Nf3+ 57. Kd5 Nd2 58. Bb5 Ne4 59. g4 Nf2 60. g5+ Ke7 61. Kc6 Nd1 62. Kxb6 Nxb2 63.
Kxa5 Kd6 64. Kb4 f4 65. a4 f3 66. a5 f2 67. a6 Kc7 68. Kc3 Na4+ 69. Kd4 Kb6 70. Bf1 Nc5 71. a7 Nb3+ 72. Kc3 Nd2 73.
Kxd2 Kxa7 74. Ke3 Kb6 75. Kxf2 Kc7 76. Kg3 Kd6 77. Bd3 1-0

[Event "Early-Titled-Tuesday-Blitz-February-06-2024"]
[Site "Chess.com"]
[Date "2024.02.06"]
[Round "4"]
[White "Ati1517"]
[Black "ChessLebaneseSalah"]
[Result "1/2-1/2"]
[WhiteElo "2255"]
[BlackElo "2456"]
[TimeControl "180+1"]
[EndTime "8:41:01 PST"]
[Termination "Game drawn by repetition"]

1. e4 c5 2. Nf3 d6 3. d4 cxd4 4.
Nxd4 Nf6 5. Nc3 Nc6 6. Bc4 Qb6 7.
Nxc6 bxc6 8. O-O g6 9. Na4 Qc7 10. f3 Bg7 11. Be3 O-O 12. Nc3 Rb8 13. b3 Rd8 14.
Qd2 d5 15. exd5 Nxd5 16. Bxd5 cxd5 17. Nxd5 Qd6 18. Rad1 Bf5 19. Bf4 e5 20. Bg3 Rbc8 21. c4 Qa3 22. Bh4 Re8 23. Nf6+ Bxf6 24. Bxf6 Qc5+ 25. Kh1 Qb6 26. Bg5 f6 27. Be3 Qc7 28. Qd6 Kf7 29. g4 Be6 30. Qxc7+ Rxc7 31. Rd6 Ree7 32. Rfd1 f5 33. Bg5 Re8 34. gxf5 gxf5 35. Kg2 e4 36. fxe4 fxe4 37. Rf1+ Kg7 38. Rf6 Bf7 39.
Bh6+ Kg8 40. Kf2 Rce7 41. Ke3 Re5 42. Rd7 R5e7 43. Rxe7 Rxe7 44. Rf4 Rd7 45. Rxe4 Bg6 46. Rf4 Rd3+ 47. Ke2 Rd8 48. Rf6 Bf7 49. Ra6 Rd7 50. Be3 Bh5+ 51. Kf2 Kf7 52. Rxa7 Rxa7 53. Bxa7 Ke6 54.
Bd4 Kd7 55. Ke3 Kc6 56. b4 Bf7 57. Kd3 Kb7 58. a4 Be8 59. b5 h5 60. Kc3 Bf7 61.
Kb4 Be8 62. a5 Ka8 63. b6 Kb7 64. c5 Bc6 65. Be5 h4 66. Bf6 h3 67. Be5 Ka6 68. Bc3 Kb7 69. Kc4 Bg2 70. Kd4 Bc6 71. Ke3 Bg2 72.
Kf2 Bc6 73. Kg3 Bg2 74. Kg4 Ka6 75. Kh4 Kb7 76. Kg3 Kc6 77. Bd4 Kb7 78. Bc3 Ka6 79. Bd4 Kb7 80. Bc3 1/2-1/2

[Event "Early-Titled-Tuesday-Blitz-February-06-2024"]
[Site "Chess.com"]
[Date "2024.02.06"]
[Round "4"]
[White "Elnaz_Kaliakhmet"]
[Black "IriBu"]
[Result "1-0"]
[WhiteElo "2236"]
[BlackElo "2540"]
[TimeControl "180+1"]
[EndTime "8:41:02 PST"]
[Termination "Elnaz_Kaliakhmet won by resignation"]

1. e4 c5 2. Nf3 Nc6 3. d4 cxd4 4. Nxd4 e5 5. Nb5 d6 6. c4 Be6 7. N1c3 a6 8. Na3 Nf6 9. Be2 Be7 10. Be3 O-O 11. O-O Rc8 12. Nc2 Na5 13. b3 b5 14.
Nd5 Bxd5 15. exd5 bxc4 16. b4 Nb7 17. a4 Ne4 18. Na3 Nc3 19. Qd2 Nxe2+ 20. Qxe2 a5 21. b5 c3 22. Rfc1 f5 23. f3 Nc5 24. Rxc3 Nxa4 25.
Rxc8 Qxc8 26. Rc1 Qb7 27. Qc4 Nc5 28. Bxc5 Rc8 29. Qb3 a4 30. Qa2 Kf8 31. Be3 Rxc1+ 32. Bxc1 Qa7+ 33. Qf2 Qa5 34. b6 Bd8 35. Nc4 Qxd5 36.
Qc2 g6 37. Bh6+ Kf7 38. Be3 Ke6 39. Qxa4 Qd3 40. Qe8+ Kd5 41. Qg8+ Kc6 42. Qxd8 Qb1+ 43. Kf2 Qc2+ 44. Nd2 Kb7 45. Qc7+ Qxc7 46. bxc7 Kxc7 47.
Bg5 Kd7 48. Ke2 d5 49. Kd3 Ke6 50. Be3 f4 51. Bf2 g5 52. g3 h5 53. gxf4 gxf4 54.
Nb3 Kf5 55. Nc5 Kf6 56. h4 Kf5 57. Nd7 e4+ 58. fxe4+ dxe4+ 59. Ke2 Kg4 60. Nf6+ Kf5 61. Nxh5 e3 62. Be1 Kg4 63. Nf6+ Kf5 64. Nd7 Ke4 65.
Nc5+ Kf5 66. Kf3 Kg6 67. Kxf4 Kh5 68. Kxe3 Kg4 69. Ne4 Kh5 70. Kf4 Kh6 71. Kg4 Kg6 72. h5+ Kh6 73. Bd2+ Kh7 74. Kg5 Kg7 75. h6+ Kh7 76.
Nf6+ Kh8 77. Nh5 Kh7 78. Ng3 Kh8 79. Kg6 Kg8 80. h7+ 1-0

[Event "Early-Titled-Tuesday-Blitz-February-06-2024"]
[Site "Chess.com"]
[Date "2024.02.06"]
[Round "4"]
[White "FMCarmona"]
[Black "NitaLucian"]
[Result "1/2-1/2"]
[WhiteElo "2154"]
[BlackElo "2349"]
[TimeControl "180+1"]
[EndTime "8:41:02 PST"]
[Termination "Game drawn - insufficient material"]

1. e4 d6 2. d4 Nf6 3. Nc3 e5 4. Nf3 Nbd7 5. g3 Be7 6. Bg2 O-O 7. O-O b5 8. Nxb5 Nxe4 9. Re1 Ba6 10. Rxe4 Bxb5 11.
dxe5 Nxe5 12. Nd4 Bd7 13. Bf4 Bf6 14. Re1 Rb8 15. b3 Ng6 16. Be3 c5 17. Nc6 Bxc6 18. Bxc6 Bxa1 19. Qxa1 Ne5 20. Bd5 Qf6 21. Bxc5 dxc5 22.
Qxe5 Qxe5 23. Rxe5 Rfe8 24. Rf5 Re7 25. Bc4 Rc8 26.
Kf1 g6 27. Rd5 Kg7 28. h4 Rcc7 29. Rd6 Red7 30. Ra6 Kf8 31. a4 Ke7 32. Rf6 Kd8 33. h5 Ke8 34. hxg6 hxg6 35. Ra6 Kf8 36. Rf6 Kg7 37.
Ra6 f6 38. Re6 Rd2 39. Bd3 Rd1+ 40. Ke2 Ra1 41. g4 g5 42. Kd2 Kf7 43. Re3 Re7 44. Rf3 Rh1 45. Kc3 Re5 46. Rg3 Rh2 47. Rf3 Ke6 48.
Kc4 Rh4 49. Bf5+ Ke7 50. Kb5 Rh2 51. c3 Re2 52. b4 cxb4 53. cxb4 Rhxf2 54. Rc3 Re5+ 55. Ka6 Rf4 56. Rc7+ Kd6 57. Rd7+ Kc6 58. b5+ Kc5 59. Rc7+ Kb4 60. a5 Rxb5 61. Bd3 Rxa5+ 62. Kb7 Ra3 63.
Bf5 Rxf5 64. gxf5 g4 65. Rf7 g3 66. Rxf6 g2 67. Rg6 Ra2 68. f6 a5 69. f7 Rf2 70.
Rxg2 Rxf7+ 71. Kc6 Rf3 72. Rb2+ Kc4 73. Ra2 Kb4 74.
Kd6 Rb3 75. Kd7 a4 76. Ra1 a3 77. Kd6 Rb2 78. Kd5 Kb3 79. Kd4 Rd2+ 80. Ke3 Rc2 81.
Kd3 Kb2 82. Rxa3 Kxa3 83. Kxc2 1/2-1/2

[Event "Early-Titled-Tuesday-Blitz-February-06-2024"]
[Site "Chess.com"]
[Date "2024.02.06"]
[Round "4"]
[White "PedroGil25"]
[Black "NelsonLinda"]
[Result "1/2-1/2"]
[WhiteElo "2400"]
[BlackElo "2577"]
[TimeControl "180+1"]
[EndTime "8:41:03 PST"]
[Termination "Game drawn by repetition"]

1. e4 c5 2. Nf3 e6 3. c3 Nf6 4. e5 Nd5 5. d4 cxd4 6. cxd4 b6 7.
Bc4 Bb7 8. O-O Be7 9. Nc3 Nxc3 10. bxc3 O-O 11. Qe2 d6 12. Bf4 dxe5 13. Nxe5 Nd7 14.
Rad1 Nxe5 15. Bxe5 Rc8 16. Rc1 Bd6 17. Bb3 Bxe5 18.
Qxe5 Qc7 19. Qe3 Rfd8 20. Rfd1 Qc6 21. f3 Qd6 22. c4 Rc7 23. c5 Qe7 24. cxb6 axb6 25.
d5 Bxd5 26. Qxb6 Rxc1 27. Rxc1 Bxb3 28. axb3 h5 29. h3 Qg5 30. Qc5 Rd5 31. Qc8+ Kh7 32. Qc2+ g6 33. Rd1 Qe3+ 34. Kh2 Rg5 35. Rd2 Qf4+ 36. Kg1 Ra5 37. Rd1 Re5 38. Qd2 Qg3 39.
Qf2 Qf4 40. Qd2 Qh4 41. Qf2 Qb4 42. Rd7 Rf5 43. Qe3 Kg7 44. Qd4+ Qxd4+ 45. Rxd4 Rb5 46. b4 Kf6 47. Rc4 Ke5 48. Kf2 Kd5 49. Rf4 f5 50.
Rh4 Ke5 51. g4 fxg4 52. hxg4 Rxb4 53. Kg3 hxg4 54. fxg4 Rb3+ 55. Kg2 Kf4 56. Rh6 g5 57. Rxe6 Rb2+ 58. Kg1 Kxg4 59. Re3 Kf4 60. Ra3 g4 61.
Rc3 Kg5 62. Ra3 Kh4 63. Rc3 Kg5 64. Ra3 Kh5 65. Rc3 Ra2 66. Rb3 Kh4 67. Rc3 g3 68. Rc8 Kg5 69. Rg8+ Kf4 70. Rf8+ Ke4 71. Rg8 Kf3 72.
Rf8+ Kg4 73. Rg8+ Kh4 74. Rh8+ Kg5 75. Rg8+ Kf4 76. Rf8+ Ke3 77. Rg8 Kf3 78. Rf8+ Kg4 79. Rg8+ Kf4 1/2-1/2

[Event "Early-Titled-Tuesday-Blitz-February-06-2024"]
[Site "Chess.com"]
[Date "2024.02.06"]
[Round "4"]
[White "microbear"]
[Black "JohnWhite1952"]
[Result "1-0"]
[WhiteElo "2275"]
[BlackElo "1975"]
[TimeControl "180+1"]
[EndTime "8:41:03 PST"]
[Termination "microbear won on time"]

1. e3 c5 2. f4 Nc6 3. Nf3 d6 4. c3 e6 5. d4 Nf6 6. Bb5 Bd7 7.
Bxc6 Bxc6 8. O-O cxd4 9. cxd4 Be7 10. Nc3 O-O 11. Bd2 Re8 12. Rc1 Bf8 13. b4 a6 14. a4 Rc8 15. b5 axb5 16. axb5 Bd7 17. Qb3 d5 18. Ne5 Bd6 19. Na4 b6 20. Nxd7 Nxd7 21.
Bb4 Bxb4 22. Qxb4 Ra8 23. Rc6 Nb8 24. Rfc1 Nxc6 25. bxc6 Qc7 26. Qxb6 Rec8 27. Qxc7 Rxc7 28. Nc5 Rac8 29. Rb1 Rxc6 30. Rb7 R6c7 31. Rb6 h6 32. Kf2 Ra7 33. Kf3 Rca8 34. Rb7 Rxb7 35. Nxb7 Ra2 36. Nc5 Kf8 37. h3 Ke7 38. Nd3 f6 39. h4 Kd6 40. g3 Rd2 41. Nc5 e5 42. fxe5+ fxe5 43. Nb3 Rd3 44. dxe5+ Kxe5 45. Nc1 Rc3 46. Ne2 Rc2 47. Nd4 Rc3 48. Ne2 Ra3 49. Nd4 g5 50.
hxg5 hxg5 51. g4 Ra2 52. Nc6+ Kd6 53. Nd4 Ke5 54. Nc6+ Ke6 55. Nd4+ Kd6 56. Nf5+ Ke5 57. Nd4 Ra8 58. Nc6+ Kd6 59. Nd4 Rf8+ 60. Ke2 Ke5 61. Nf3+ Kf6 62. Nd4 Re8 63. Kf3 Kg6 64. Nc6 Kf6 65.
Nd4 Kg6 66. Nc6 Kf6 67. Nb4 Rd8 68. Nc6 Rd6 69. Nd4 Kg6 70. Nf5 1-0